 Dungeon Crawl Stone Soup version 0.31.0-9-g3a7656b989 (webtiles) character file.

Game seed: 13589721539709726390

39 qw the Shooter (level 3, 0/20 HPs)
             Began as a Deep Elf Hunter on Feb 2, 2024.
             Slain by Sigmund
             ... wielding a +0 vampiric scythe
              (7 damage)
             ... on level 2 of the Dungeon.
             The game lasted 00:00:03 (1050 turns).

qw the Shooter (Deep Elf Hunter)                    Turns: 1050, Time: 00:00:04

Health: 0/20       AC:  7    Str: 10    XL:     3   Next: 28%
Magic:  5/5        EV: 11    Int: 13    God:
Gold:   37         SH:  0    Dex: 26    Spells: 2/2 levels left

rFire   . . .        a - +0 shortbow (flame)
rCold   . . .        (shield currently unavailable)
rNeg    . . .        h - +0 ring mail
rPois   .            (no helmet)
rElec   .            (no cloak)
rCorr   .            e - +0 pair of gloves
SInv    .            k - +0 pair of boots
Will    .....        (no amulet)
Stlth   ++           m - ring "Gitwo" {Wiz Dex+8}
HPRegen 0.23/turn    (no ring)
MPRegen 0.09/turn

%: wizardry (x1)
@: no status effects
A: no striking features
a: no special abilities


You were on level 2 of the Dungeon.
You visited 1 branch of the dungeon, and saw 2 of its levels.

You collected 79 gold pieces.
You spent 42 gold pieces at shops.


   Skills:
 - Level 1.5 Fighting
 + Level 6.9 Ranged Weapons
 - Level 2.4 Dodging
 - Level 1.2 Stealth


You had 2 spell levels left.
You didn't know any spells.
Your spell library was empty.

Inventory:

Hand Weapons
 a - a +0 shortbow of flaming (weapon)
Armour
 e - a +0 pair of gloves (worn)
 h - a +0 ring mail (worn)
 k - a +0 pair of boots (worn)
Jewellery
 m - the ring "Gitwo" (left hand) {Wiz Dex+8}
   (You found it on level 2 of the Dungeon)

   [ring of wizardry]

   Wiz:       It improves your spell success rate.
   Dex+8:     It affects your dexterity (+8).
Wands
 l - a wand of flame (5)
Scrolls
 b - a scroll of fog {unknown}
Potions
 d - a potion of might
 f - a potion of resistance
 o - a potion of degeneration {unknown}

Dungeon Overview and Level Annotations

Branches:
Dungeon (2/15)

Altars:

Shops:
D:2 *

Annotations:
D:2 Sigmund


Message History

A kobold comes into view. It is wielding a +0 dagger.
Enter note:
Enter note:
Enter note:
Enter note: You shoot an arrow.
The arrow hits the kobold!
The arrow burns the kobold.
You kill the kobold!
A ball python comes into view.
You shoot an arrow. The arrow hits the ball python.
The arrow burns the ball python.
You kill the ball python!
You now have 37 gold pieces (gained 16).
You see here a ball python corpse.
Found a stone staircase leading down.
b - a scroll labelled REARUUTZAESY Sigmund the Dreaded comes into view.
He is wielding a +0 vampiric scythe.
You shoot an arrow. The arrow hits Sigmund!
The arrow burns Sigmund.
Sigmund shouts!
Sigmund is moderately wounded.
You shoot an arrow. The arrow closely misses Sigmund.
Sigmund gestures at you while chanting.
You are confused.
1043 ||| DRINKING potion of curing.
You feel better.
1043 ||| (to cure confusion) Sigmund gestures wildly while chanting.
Sigmund flickers and vanishes!
Deactivating autopickup; reactivate with Ctrl-A.
You shoot an arrow.
A puff of flame appears from out of thin air!
The puff of flame hits you.
You shoot an arrow. You shoot an arrow. You shoot an arrow. Something hits you!
You shoot an arrow. You shoot an arrow. Something hits you.
You shoot an arrow. Something hits you!
You die...

#.# ##.%..##
###############.#
#..####
................#
##.##
#################
#..# .......**
####.##
######.,** #....#
#
**,,###**##.####
# **,.....#..## #
*****#>{.@.# #
#####.# # *.# *.#
*.# *.# *.# *.#
*,*


There were no monsters in sight!

Vanquished Creatures
  A ribbon worm (D:2)
  3 endoplasms
  2 giant cockroaches
  4 goblins (D:1)
  4 hobgoblins (D:2)
  6 jackals
  2 kobolds
  A ball python (D:2)
  6 bats
  3 frilled lizards
  2 rats (D:1)
34 creatures vanquished.

Notes
Turn   | Place    | Note
-------+----------+-------------------------------------------
     0 | D:1      | qw the Deep Elf Hunter began the quest for the Orb.
     0 | D:1      | Reached XP level 1. HP: 12/12 MP: 3/3
     0 | D:1      | 0 ||| qw: Version: 0.3-a-155-g5e7d8dd
     0 | D:1      | 0 ||| qw: Game counter: 525
     0 | D:1      | 0 ||| qw: Melee chars always use a shield: true
     0 | D:1      | 0 ||| qw: God list: Okawaru
     0 | D:1      | 0 ||| qw: Allow faded altars: false
     0 | D:1      | 0 ||| qw: Do Orc after clearing Dungeon:15 true
     0 | D:1      | 0 ||| qw: Do second Lair branch before Depths: true
     0 | D:1      | 0 ||| qw: Lair rune preference: random
     0 | D:1      | 0 ||| qw: Goals: Normal
     0 | D:1      | 0 ||| PLANNING D:1-11
   119 | D:1      | Reached XP level 2. HP: 16/16 MP: 4/4
   135 | D:1      | Reached skill level 6 in Ranged Weapons
   411 | D:1      | 411 ||| UPGRADING to +0 pair of gloves.
   416 | D:1      | 416 ||| DRINKING 2 bubbling pink potions.
   417 | D:1      | 417 ||| DROPPING scroll of butterflies.
   493 | D:2      | Found Warphom's Assorted Antiques.
   528 | D:2      | 528 ||| BUYING scroll labelled AMYTUOR KASIL (21 gold).
   528 | D:2      | Bought a scroll labelled AMYTUOR KASIL for 21 gold pieces
   528 | D:2      | 528 ||| BUYING scroll labelled BELELI GEMAM (21 gold).
   528 | D:2      | Bought a scroll labelled BELELI GEMAM for 21 gold pieces
   528 | D:2      | 528 ||| SHOPLISTING scroll labelled IREWKE MUAGU (21 gold,
                  | have 9).
   528 | D:2      | 528 ||| SHOPLISTING scroll labelled NEARIBLEOD (21 gold,
                  | have 9).
   572 | D:2      | Reached XP level 3. HP: 20/20 MP: 5/5
   642 | D:2      | Identified the ring "Gitwo" {Wiz Dex+8}
   770 | D:2      | 770 ||| UPGRADING to +0 ring mail.
   780 | D:2      | 780 ||| DROPPING +0 leather armour.
   781 | D:2      | 781 ||| UPGRADING to +0 pair of boots.
   786 | D:2      | 786 ||| UPGRADING to ring "Gitwo" {Wiz Dex+8}.
   787 | D:2      | 787 ||| READING 2 scrolls labelled IREWKE MUAGU.
   787 | D:2      | 787 ||| IDENTIFYING smoky clear potion
   788 | D:2      | 788 ||| READING scroll of identify.
   788 | D:2      | 788 ||| IDENTIFYING fizzy golden potion
   789 | D:2      | 789 ||| READING scroll labelled AMYTUOR KASIL.
   790 | D:2      | 790 ||| READING scroll labelled BELELI GEMAM.
   891 | D:2      | 891 ||| READING scroll labelled ANEMUOSKINID.
   891 | D:2      | 891 ||| BRANDING +0 shortbow.
  1040 | D:2      | Noticed Sigmund
  1043 | D:2      | 1043 ||| DRINKING potion of curing.
  1043 | D:2      | 1043 ||| (to cure confusion)
  1050 | D:2      | Slain by Sigmund

Levels and vault maps discovered:
D:1:      spicycebolla_arrival_ecumenical, layout_rooms
D:2:      layout_basic, serial_shops, shop, uniq_sigmund

Skill      XL: |  1  2 |
---------------+-------+-----
Ranged Weapons | 6 |  6.9
Fighting       | |  1.5
Dodging        | |  2.4
Stealth        | |  1.2

Action                     || total
---------------------------++-------
   Fire: Shortbow          ||    95
    Use: Potion            ||     2
         Scroll            ||     5
 Armour: Leather armour    ||    16
         Ring mail         ||     4
  Dodge: Dodged            ||    11

Table legend:
 A = Non-vault XP
 B = Vault XP
 C = Vault XP percentage of total XP
 D = Non-vault monster count
 E = Vault monster count
 F = Vault count percentage of total count
                 A         B        C        D         E       F
            +---------+---------+-------+---------+---------+-------
      Total |      57 |       0 |   0.0 |      34 |       0 |   0.0
            +---------+---------+-------+---------+---------+-------
        D:1 |      29 |       0 |   0.0 |      19 |       0 |   0.0
        D:2 |      28 |       0 |   0.0 |      15 |       0 |   0.0
            +---------+---------+-------+---------+---------+-------
